[Event "Titled Tuesday Blitz October 5 2021"]
[White "Ibrahimli, Murad"]
[Black "Avila Pavas, Santiago"]
[WhiteFideId "13410229"]
[BlackFideId "4437128"]
[WhiteElo "2109"]
[BlackElo "2292"]
[Result "1-0"]
[Round "04"]
[TimeControl "180+1"]
[Date "2021.10.05"]
[WhiteClock "0:00:03"]
[BlackClock "0:00:02"]

1. d4 Nf6 2. c4 c5 3. d5 b5 4. cxb5 a6 5. bxa6 g6 6. Nc3 Bg7 7. g3 O-O 8. Bg2 d6 9. Nf3 Nbd7 10. O-O Nb6 11. Rb1 Bf5 12. Ra1 Rxa6 13. Nh4 Bd7 14. e4 Qa8 15. e5 dxe5 16. d6 Bc6 17. dxe7 Re8 18. Bg5 Rxe7 19. Qd6 Bxg2 20. Qxe7 Bxf1 21. Bxf6 Bxf6 22. Qxf6 Nc4 23. Qe7 Bd3 24. b3 Nd2 25. Qxe5 c4 26. Rd1 Nf3+ 27. Nxf3 Qxf3 28. b4 Rxa2 29. Qd4 Rc2 30. Re1 f6 31. Nd5 Re2 32. Ra1 Kg7 33. Nxf6 1-0


[Site "https://www.chess.com"]

[Event "Titled Tuesday Blitz October 5 2021"]
[White "Iljushina, Olga"]
[Black "Weetik, Vjacheslav"]
[WhiteFideId "4152280"]
[BlackFideId "4153472"]
[WhiteElo "1937"]
[BlackElo "2469"]
[Result "0-1"]
[Round "04"]
[TimeControl "180+1"]
[Date "2021.10.05"]
[WhiteClock "0:00:12"]
[BlackClock "0:00:06"]

1. d4 Nf6 2. c4 g6 3. Nc3 Bg7 4. e4 d6 5. Be3 O-O 6. Qd2 Ng4 7. Bg5 c5 8. d5 f5 9. h3 Ne5 10. Bh6 Bxh6 11. Qxh6 f4 12. Nf3 Nxf3+ 13. gxf3 Nd7 14. h4 Ne5 15. Be2 e6 16. dxe6 Bxe6 17. h5 Qf6 18. hxg6 Qxg6 19. O-O-O Qxh6 20. Rxh6 Bxc4 21. Bxc4+ Nxc4 22. b3 Ne5 23. Rdxd6 Rad8 24. Rxd8 Rxd8 25. Nd5 Nxf3 26. Kc2 Nd4+ 27. Kd3 f3 28. Kc4 Kg7 29. Rh3 b6 30. Ne3 Re8 31. Rh4 Kg6 32. Nd5 h5 33. Rxh5 Kxh5 34. Nf6+ Kh4 35. Nxe8 Kh3 36. Nf6 Kg2 37. Ng4 Kh3 38. Ne5 Kg2 39. Nd3 Kf1 40. e5 Ke2 41. Nf4+ Kxf2 42. e6 Nxe6 43. Nxe6 Ke1 44. Nf4 f2 45. Nd3+ Ke2 46. Nxf2 Kxf2 47. b4 cxb4 48. Kxb4 a6 49. Kc4 Ke3 50. Kd5 Kd3 51. a4 Kc3 52. Kc6 Kb4 53. Kxb6 a5 54. Kc6 Kxa4 55. Kc5 Kb3 0-1


[Site "https://www.chess.com"]

[Event "Titled Tuesday Blitz October 5 2021"]
[White "Indjic, Aleksandar"]
[Black "Mirzoev, Azer"]
[WhiteFideId "911925"]
[BlackFideId "13400304"]
[WhiteElo "2643"]
[BlackElo "2525"]
[Result "1-0"]
[Round "04"]
[TimeControl "180+1"]
[Date "2021.10.05"]
[WhiteClock "0:01:33"]
[BlackClock "0:00:49"]

1. Nf3 d5 2. e3 Nf6 3. c4 c6 4. Nc3 e6 5. b3 Nbd7 6. Bb2 Bd6 7. Qc2 O-O 8. Rg1 dxc4 9. bxc4 Ne5 10. d4 Nxf3+ 11. gxf3 Re8 12. O-O-O Qa5 13. c5 Bf8 14. Bd3 Bd7 15. e4 g6 16. e5 Nd5 17. Ne4 b6 18. Nf6+ Nxf6 19. exf6 Qxa2 20. Bxg6 fxg6 21. Rxg6+ Kh8 22. Rdg1 Bxc5 23. Rg7 1-0


[Site "https://www.chess.com"]

[Event "Titled Tuesday Blitz October 5 2021"]
[White "Iskusnyh, Sergei"]
[Black "Dzhaparov, Medet"]
[WhiteFideId "4120027"]
[BlackFideId "13803689"]
[WhiteElo "2492"]
[BlackElo "1702"]
[Result "0-1"]
[Round "04"]
[TimeControl "180+1"]
[Date "2021.10.05"]
[WhiteClock "0:00:03"]
[BlackClock "0:00:05"]

1. d4 Nf6 2. c4 g6 3. g3 Bg7 4. Bg2 d5 5. cxd5 Nxd5 6. Nf3 O-O 7. O-O c5 8. e4 Nf6 9. e5 Nd5 10. dxc5 Nc6 11. Qe2 Bg4 12. Qe4 Bxf3 13. Bxf3 e6 14. Nc3 Nxc3 15. bxc3 Nxe5 16. Bg2 Qa5 17. Be3 Nc6 18. Rab1 Rab8 19. Bf4 e5 20. Be3 Qxa2 21. Rfd1 Qa5 22. Qc4 e4 23. Bf4 Rbc8 24. Rxb7 Qxc3 25. Qxc3 Bxc3 26. Bxe4 Nd4 27. Kg2 Ne6 28. Bd6 Rfd8 29. Rc1 Bd4 30. Bd5 Rxd6 31. cxd6 Rxc1 32. d7 Bf6 33. Bxe6 fxe6 34. Rb8+ Kf7 35. d8=Q Bxd8 36. Rxd8 Rc7 37. h4 h5 38. Kf3 Kf6 39. Kf4 Rc4+ 40. Ke3 Ra4 41. Rd7 a5 42. Ra7 Ke5 43. Ra6 Ra3+ 44. Ke2 a4 0-1


[Site "https://www.chess.com"]

[Event "Titled Tuesday Blitz October 5 2021"]
[White "Ivanisevic, Ivan"]
[Black "Maksimenko, Viktor"]
[WhiteFideId "912417"]
[BlackFideId "13710478"]
[WhiteElo "2499"]
[BlackElo "2269"]
[Result "1-0"]
[Round "04"]
[TimeControl "180+1"]
[Date "2021.10.05"]
[WhiteClock "0:01:22"]
[BlackClock "0:00:04"]

1. c4 e5 2. Nc3 Bb4 3. Nd5 Be7 4. d4 exd4 5. Qxd4 Nf6 6. Nxe7 Qxe7 7. Bg5 Nc6 8. Qc3 d6 9. Bxf6 Qxf6 10. Qxf6 gxf6 11. e3 Be6 12. O-O-O O-O-O 13. b3 Rhg8 14. Ne2 Ne5 15. Nf4 Kd7 16. h3 Ke7 17. Be2 Ng6 18. Nh5 a5 19. Kb2 b6 20. g4 Nh4 21. Rhg1 h6 22. Rg3 f5 23. Rdg1 f6 24. Nf4 Bf7 25. Bd3 fxg4 26. hxg4 Ng6 27. Bxg6 Bxg6 28. Nd5+ Kf7 29. Nxc7 Be4 30. Nb5 Bc6 31. Nd4 Bd7 32. e4 Rg6 33. f3 Rdg8 34. Rh3 Kg7 35. Rgh1 Kh7 36. Kc3 a4 37. Ne2 b5 38. Nf4 Rc8 39. Nxg6 Kxg6 40. Rxh6+ Kg5 41. R1h5+ Kf4 42. Rxf6+ Ke3 43. Rxd6 Be8 44. Rf5 bxc4 45. bxc4 a3 46. g5 1-0


[Site "https://www.chess.com"]

[Event "Titled Tuesday Blitz October 5 2021"]
[White "Jaracz, Pawel"]
[Black "Omariev, Maksim"]
[WhiteFideId "1102222"]
[BlackFideId "4193423"]
[WhiteElo "2495"]
[BlackElo "2464"]
[Result "0-1"]
[Round "04"]
[TimeControl "180+1"]
[Date "2021.10.05"]
[WhiteClock "0:01:52"]
[BlackClock "0:00:54"]

1. d4 d5 2. c4 e6 3. Nc3 Nf6 4. cxd5 exd5 5. Bg5 c6 6. e3 Be7 7. Bd3 Bg4 8. Qc2 Bh5 9. Nh3 Bg6 10. Nf4 Bxd3 11. Qxd3 Nbd7 12. O-O h6 13. Bxf6 Nxf6 14. Rab1 O-O 15. b4 a6 16. a4 Bd6 17. Nfe2 b5 18. Rfc1 Qe7 19. Ng3 g6 20. Na2 Rfc8 21. a5 Ne8 22. Rc3 Bxg3 23. hxg3 Nd6 24. Nc1 Nc4 25. Rc2 h5 26. Qe2 Na3 27. Nd3 Nxb1 28. Ne5 Na3 29. Rc5 Qe6 30. e4 Nc4 31. Nxc4 bxc4 32. e5 Rab8 33. Qd2 Rb7 34. f3 Rcb8 0-1


[Site "https://www.chess.com"]

[Event "Titled Tuesday Blitz October 5 2021"]
[White "Jobava, Baadur"]
[Black "Baches Garcia, Guillermo"]
[WhiteFideId "13601520"]
[BlackFideId "2209764"]
[WhiteElo "2731"]
[BlackElo "2492"]
[Result "1-0"]
[Round "04"]
[TimeControl "180+1"]
[Date "2021.10.05"]
[WhiteClock "0:01:43"]
[BlackClock "0:00:10"]

1. e4 c5 2. d4 cxd4 3. c3 dxc3 4. Nxc3 Nc6 5. Nf3 e6 6. Bc4 a6 7. O-O Nge7 8. Bg5 h6 9. Bh4 g5 10. Bg3 Ng6 11. Re1 d6 12. Qd2 h5 13. Rad1 h4 14. Bxd6 Bxd6 15. Qxd6 Qxd6 16. Rxd6 Ke7 17. Rxc6 bxc6 18. Nxg5 Ne5 19. Be2 f6 20. Nh3 Rb8 21. b3 Rg8 22. f4 Ng4 23. Bf3 Bd7 24. Na4 Be8 25. Nf2 Nxf2 26. Kxf2 Rd8 27. Ke3 e5 28. f5 Bf7 29. Rc1 Rd6 30. Rc2 Rgd8 31. Be2 Rd4 32. Rxc6 Rxe4+ 33. Kxe4 Bd5+ 34. Ke3 Bxc6 35. Nc5 Bxg2 36. Bxa6 h3 37. b4 Rd1 38. b5 Re1+ 39. Kf2 Ra1 40. a4 e4 41. b6 Ra2+ 42. Ke3 Ra3+ 43. Kd4 e3 44. Bd3 Rxa4+ 45. Nxa4 1-0


[Site "https://www.chess.com"]

[Event "Titled Tuesday Blitz October 5 2021"]
[White "Kabanov, Nikolai"]
[Black "Khoroshev, Nikita"]
[WhiteFideId "4127820"]
[BlackFideId "14200287"]
[WhiteElo "2303"]
[BlackElo "2376"]
[Result "1/2-1/2"]
[Round "04"]
[TimeControl "180+1"]
[Date "2021.10.05"]
[WhiteClock "0:00:05"]
[BlackClock "0:00:02"]

1. e4 e5 2. Nf3 Nc6 3. Bc4 Bc5 4. c3 Nf6 5. d4 exd4 6. cxd4 Bb4+ 7. Bd2 Bxd2+ 8. Nbxd2 d6 9. O-O O-O 10. Re1 Bg4 11. h3 Bh5 12. Qb3 Na5 13. Qc3 Nxc4 14. Qxc4 c6 15. Rac1 Re8 16. d5 Rc8 17. dxc6 Rxc6 18. Qb3 Rxc1 19. Rxc1 Nxe4 20. Nxe4 Rxe4 21. Qxb7 Re8 22. Nd4 h6 23. Qxa7 Qg5 24. Qc7 Re4 25. Qc8+ Kh7 26. Qf5+ Qxf5 27. Nxf5 Bg6 28. Nxd6 Re2 29. Nc4 Bd3 30. Nd6 Rxb2 31. Ra1 Kg6 32. a4 Rb6 33. Nc8 Rb8 34. Rd1 Bc2 35. Rd6+ f6 36. Nb6 Re8 37. a5 Re1+ 38. Kh2 Ra1 39. Rd5 Bb3 40. Rb5 Be6 41. Na8 Bd7 42. Rc5 Ra2 43. Kg3 h5 44. Nc7 Kf7 45. a6 g5 46. Rc4 h4+ 47. Kh2 Be6 48. Rb4 Bf5 49. Rb7 Be4 50. Nd5+ Ke6 51. Nc7+ Kd6 52. Ra7 Kc6 53. Ne8 Kb6 54. Rf7 Bd5 55. Rxf6+ Kc5 56. Nc7 Bc6 57. Ne6+ Kd5 58. Nxg5 Ra5 59. f4 Rxa6 60. Nf3 Ra2 61. Rf5+ Ke4 62. Rh5 Kxf4 63. Rxh4+ Ke3 64. Rh6 Bxf3 65. Re6+ Kd4 66. Rg6 Be4 67. h4 Ke5 68. Rg5+ Kf4 69. Rg3 Bf5 70. h5 Ke5 71. Rf3 Ra6 72. Re3+ Be4 73. Rg3 Rh6 74. Rg5+ Kf4 75. Ra5 Bf5 76. g3+ Kg4 77. Kg2 Rxh5 78. Ra4+ Kg5 79. Ra5 Rh6 80. Kf3 Kf6 81. g4 Bxg4+ 82. Kxg4 Rg6+ 83. Kf4 Kg7 84. Rg5 Rxg5 85. Kxg5 1/2-1/2


[Site "https://www.chess.com"]

[Event "Titled Tuesday Blitz October 5 2021"]
[White "Kadam, Om Manish"]
[Black "Martin Carmona, Gaston Manuel"]
[WhiteFideId "45076294"]
[BlackFideId "22284567"]
[WhiteElo "1729"]
[BlackElo "2161"]
[Result "1/2-1/2"]
[Round "04"]
[TimeControl "180+1"]
[Date "2021.10.05"]
[WhiteClock "0:00:07"]
[BlackClock "0:00:05"]

1. e4 e6 2. d4 d5 3. Nd2 dxe4 4. Nxe4 Bd7 5. Nf3 Bc6 6. Bd3 Nd7 7. O-O Ngf6 8. Re1 Nxe4 9. Bxe4 Bxe4 10. Rxe4 Nf6 11. Bg5 Be7 12. Bxf6 Bxf6 13. Qd3 O-O 14. Rae1 c5 15. dxc5 Bxb2 16. Rb1 Bf6 17. Rxb7 Qa5 18. Qb3 Qxc5 19. Rc4 Qd5 20. g3 a5 21. a4 g6 22. Kg2 h5 23. h4 Rac8 24. Rf4 Kg7 25. Qxd5 exd5 26. Rb5 Rxc2 27. Rxd5 Bd8 28. Rd7 Bc7 29. Re4 Bb6 30. Rd2 Rfc8 31. Kf1 Rxd2 32. Nxd2 Rc2 33. Re2 Rc1+ 34. Kg2 Ra1 35. Nc4 Bd8 36. Re8 Rxa4 37. Nd6 Bf6 38. Ra8 Bc3 39. Ra7 Ra2 40. Rxf7+ Kg8 41. Ra7 Rxf2+ 42. Kh3 Rf3 43. Ne4 Bb4 44. Kg2 Rf5 45. Ng5 Rc5 46. Ne6 Rc2+ 47. Kh3 Re2 48. Ra8+ Kf7 49. Ng5+ Ke7 50. Ra7+ Kd6 51. Ra6+ Kc5 52. Rxg6 a4 53. Ra6 Kb5 54. Ra8 a3 55. Nf3 Kc4 56. Rc8+ Bc5 57. g4 hxg4+ 58. Kxg4 a2 59. Ra8 Rg2+ 60. Kh3 Rf2 61. Kg4 Kb3 62. h5 Ba3 63. Nd4+ Kb2 64. Rb8+ Kc1 65. Nb3+ Kd1 66. h6 Bb2 67. Ra8 Kc2 68. Rxa2 Kxb3 69. Ra6 Rg2+ 70. Kh5 Rh2+ 71. Kg6 Bc1 72. Kh7 Rxh6+ 73. Rxh6 Bxh6 1/2-1/2


[Site "https://www.chess.com"]

[Event "Titled Tuesday Blitz October 5 2021"]
[White "Karolczuk, Iwo"]
[Black "Gontcharov, Vladislav"]
[WhiteFideId "21816972"]
[BlackFideId "4123492"]
[WhiteElo "2093"]
[BlackElo "2503"]
[Result "0-1"]
[Round "04"]
[TimeControl "180+1"]
[Date "2021.10.05"]
[WhiteClock "0:00:03"]
[BlackClock "0:00:32"]

1. e4 e6 2. d4 d5 3. Bd3 dxe4 4. Bxe4 Nf6 5. Bf3 Nbd7 6. Ne2 Bd6 7. O-O e5 8. Ng3 O-O 9. Re1 exd4 10. Qxd4 Ne5 11. Rxe5 Bxe5 12. Qxe5 Re8 13. Qc3 Bg4 14. Be3 Bxf3 15. gxf3 Qd1+ 16. Kg2 Nd5 17. Qd2 Nxe3+ 18. fxe3 Rad8 19. Qxd1 Rxd1 20. Ne4 f5 21. Nec3 Rc1 22. e4 Rxc2+ 23. Kg3 fxe4 24. Nxe4 Rc1 25. a4 Re6 26. a5 Rg6+ 27. Kf2 Rh1 28. Nec3 Rxh2+ 29. Ke3 Rxb2 30. Nd2 Rc6 31. Nde4 h6 32. Rd1 Kh7 33. Rd7 Rb3 34. Kd2 Ra3 35. Rd5 b6 36. axb6 cxb6 37. f4 a6 38. f5 Ra5 39. Rxa5 bxa5 40. Nd5 a4 41. Nec3 a3 42. Kc2 h5 43. Kb3 h4 44. Nf4 Kh6 45. Ncd5 Kg5 46. Kxa3 Kxf5 47. Nh3 Kg4 48. Nf2+ Kf3 49. Nd3 Rd6 50. N3b4 g5 51. Ne7 h3 52. Nbd5 0-1


[Site "https://www.chess.com"]

[Event "Titled Tuesday Blitz October 5 2021"]
[White "Kezin, Roman"]
[Black "Sarana, Alexey"]
[WhiteFideId "24124621"]
[BlackFideId "24133795"]
[WhiteElo "2557"]
[BlackElo "2671"]
[Result "0-1"]
[Round "04"]
[TimeControl "180+1"]
[Date "2021.10.05"]
[WhiteClock "0:00:09"]
[BlackClock "0:01:30"]

1. Nf3 d5 2. e3 Nf6 3. c4 e6 4. Nc3 dxc4 5. Bxc4 a6 6. O-O b5 7. Be2 Bb7 8. a4 b4 9. Nb1 c5 10. d3 Be7 11. Nbd2 O-O 12. b3 Nd5 13. Bb2 Bf6 14. Ne5 Nd7 15. Nxd7 Bxb2 16. Nxf8 Nc3 17. Qe1 Bxa1 18. Nxe6 fxe6 19. Bg4 Qxd3 20. Nc4 Bd5 21. Nb6 Rf8 22. Nxd5 Qxd5 23. Qxa1 Qxb3 24. a5 Qc4 25. Bf3 b3 26. Qb2 Na4 27. Qe5 b2 28. Be4 Nc3 29. Bb1 Ne2+ 0-1


[Site "https://www.chess.com"]

[Event "Titled Tuesday Blitz October 5 2021"]
[White "Khanin, Semen"]
[Black "Swicarz, Maciej"]
[WhiteFideId "4111990"]
[BlackFideId "1113585"]
[WhiteElo "2436"]
[BlackElo "2130"]
[Result "1-0"]
[Round "04"]
[TimeControl "180+1"]
[Date "2021.10.05"]
[WhiteClock "0:00:46"]
[BlackClock "0:00:04"]

1. c4 f5 2. Nc3 Nf6 3. d3 e6 4. g3 d5 5. Bg2 c6 6. b3 Bb4 7. Bd2 Qa5 8. Qc2 d4 9. Nb1 e5 10. Nf3 Be6 11. O-O Nbd7 12. Bxb4 Qxb4 13. a3 Qe7 14. b4 O-O 15. Nbd2 Kh8 16. Nb3 Rae8 17. Na5 Rb8 18. c5 Bd5 19. Nc4 Rbe8 20. Nd6 Bxf3 21. Bxf3 e4 22. Bg2 Qe5 23. Nxb7 g5 24. Nd6 Re7 25. Qb2 Rg7 26. Nc4 Qd5 27. Rad1 f4 28. dxe4 Qxc4 29. Rxd4 Qf7 30. Rd6 Re8 31. Rfd1 Re7 32. Rxc6 1-0


[Site "https://www.chess.com"]

[Event "Titled Tuesday Blitz October 5 2021"]
[White "Khusnutdinov, Rustam"]
[Black "Hambleton, Aman"]
[WhiteFideId "13701703"]
[BlackFideId "2606577"]
[WhiteElo "2571"]
[BlackElo "2552"]
[Result "1-0"]
[Round "04"]
[TimeControl "180+1"]
[Date "2021.10.05"]
[WhiteClock "0:01:39"]
[BlackClock "0:00:02"]

1. d4 Nf6 2. c4 e6 3. Nc3 Bb4 4. g3 d5 5. Bg2 O-O 6. Nf3 dxc4 7. O-O Nc6 8. Qa4 Nd5 9. Qc2 Be7 10. e4 Ndb4 11. Qd1 Nd3 12. d5 exd5 13. Nxd5 Nxc1 14. Rxc1 Be6 15. Rxc4 Bxd5 16. Qxd5 Qxd5 17. exd5 Nb4 18. Rxc7 Bd6 19. Rxb7 Nxa2 20. Nd4 Rfb8 21. Rd7 Rd8 22. Rxd8+ Rxd8 23. Ra1 Nb4 24. Rxa7 Bc5 25. Rb7 Nxd5 26. Bxd5 Bxd4 27. Bxf7+ Kh8 28. Bc4 Rf8 29. Bf7 g5 30. b3 Bc5 31. Kg2 h6 32. f3 Kg7 33. Bd5+ Kf6 34. b4 Bd6 35. b5 Ke5 36. Bc6 1-0


[Site "https://www.chess.com"]

[Event "Titled Tuesday Blitz October 5 2021"]
[White "Koellner, Ruben Gideon"]
[Black "Sadhwani, Raunak"]
[WhiteFideId "12993093"]
[BlackFideId "35093487"]
[WhiteElo "2559"]
[BlackElo "2517"]
[Result "0-1"]
[Round "04"]
[TimeControl "180+1"]
[Date "2021.10.05"]
[WhiteClock "0:00:02"]
[BlackClock "0:00:18"]

1. d4 d6 2. Nf3 g6 3. Nbd2 Bg7 4. e4 e5 5. dxe5 dxe5 6. Bc4 Nc6 7. c3 Nf6 8. O-O O-O 9. a4 a6 10. Qe2 Nh5 11. g3 Bg4 12. Re1 Kh8 13. Nf1 f5 14. Ne3 Bxf3 15. Qxf3 f4 16. Nf5 fxg3 17. hxg3 Qf6 18. Qg4 gxf5 19. Qxh5 f4 20. Kg2 fxg3 21. f3 Na5 22. Ba2 Qb6 23. Re2 Rf6 24. Be3 Qd6 25. Rh1 h6 26. Bg5 Nc6 27. Rd2 Qf8 28. Bxf6 Qxf6 29. Rd7 Rf8 30. Rf7 Qd6 31. Rxf8+ Qxf8 32. Qf7 Qd8 33. Rd1 Qf8 34. Qxf8+ Bxf8 35. Rd7 Bd6 36. Bd5 Ne7 37. Bxb7 a5 38. b4 axb4 39. cxb4 Ng6 40. a5 Bxb4 41. a6 Be1 42. Rd1 Nf4+ 43. Kf1 Bf2 44. a7 Bxa7 45. Rd8+ Kg7 46. Rd7+ Kf6 47. Rxc7 g2+ 0-1


[Site "https://www.chess.com"]

[Event "Titled Tuesday Blitz October 5 2021"]
[White "Korobov, Anton"]
[Black "Madaminov, Mukhiddin"]
[WhiteFideId "14105730"]
[BlackFideId "14210703"]
[WhiteElo "2718"]
[BlackElo "1855"]
[Result "0-1"]
[Round "04"]
[TimeControl "180+1"]
[Date "2021.10.05"]
[WhiteClock "0:00:15"]
[BlackClock "0:00:08"]

1. d4 Nf6 2. c4 e6 3. Nc3 Bb4 4. e3 d5 5. a3 Bxc3+ 6. bxc3 c5 7. Nf3 O-O 8. Bb2 b6 9. cxd5 exd5 10. c4 dxc4 11. Bxc4 b5 12. Be2 c4 13. a4 Bd7 14. Ne5 Qa5+ 15. Kf1 Nc6 16. axb5 Qxb5 17. Nxc4 Be6 18. Qc1 Nb4 19. Ne5 Qb6 20. Qc5 Rfc8 21. Qxb6 axb6 22. Rxa8 Rxa8 23. f3 Ra2 24. Bc1 Nfd5 25. e4 Nc3 26. Bc4 Bxc4+ 27. Nxc4 Nd3 28. d5 Ra1 29. g3 Rxc1+ 30. Kg2 Rxh1 31. Kxh1 b5 32. d6 Kf8 33. Nb6 b4 34. Nc8 Nc5 35. Nb6 b3 36. Nc4 Nd1 37. Kg2 b2 38. Nd2 Nc3 39. e5 b1=Q 40. Nxb1 Nxb1 41. f4 Ke8 42. Kf3 Kd7 43. g4 Ke6 44. h4 Nd2+ 45. Ke3 Ndb3 46. h5 Kd5 47. g5 Nd4 48. Kf2 Nf5 49. Kf3 g6 50. hxg6 hxg6 51. Kg4 Nxd6 52. exd6 Kxd6 53. f5 Ke5 54. fxg6 fxg6 0-1


[Site "https://www.chess.com"]

[Event "Titled Tuesday Blitz October 5 2021"]
[White "Kovalchuk94"]
[Black "Ogloblin, Nikolay"]
[BlackFideId "4139658"]
[WhiteElo "2680"]
[BlackElo "2261"]
[Result "1-0"]
[Round "04"]
[TimeControl "180+1"]
[Date "2021.10.05"]
[WhiteClock "0:00:05"]
[BlackClock "0:01:47"]

1. d4 Nf6 2. c4 e6 3. Nf3 b6 4. g3 Bb7 5. Bg2 Bb4+ 6. Bd2 a5 7. Nc3 O-O 8. O-O d6 9. Qc2 Nbd7 10. Rfe1 Bxc3 11. Bxc3 Be4 12. Qd2 Qb8 13. b3 Qb7 14. a3 Rfe8 15. b4 axb4 16. axb4 b5 17. c5 Nd5 18. Bf1 Bxf3 19. exf3 N7f6 20. f4 Nxc3 21. Qxc3 Nd5 22. Qd2 dxc5 23. dxc5 c6 24. Bg2 Rxa1 25. Rxa1 Ra8 26. Ra5 Rxa5 27. bxa5 b4 28. Bxd5 exd5 29. Qe2 Kf8 30. a6 Qa7 31. Qa2 Ke7 32. Kg2 Kd7 33. Qa4 b3 34. Qxb3 Qxa6 35. Qb8 Qc8 36. Qe5 Qf8 37. Qf5+ Kc7 38. Qe5+ Kc8 39. Qf5+ Kd8 40. Qxh7 Qxc5 41. Qg8+ Ke7 42. Qxg7 d4 43. Qe5+ Qxe5 44. fxe5 c5 45. f4 c4 46. Kf2 c3 47. Ke2 c2 48. Kd2 d3 49. f5 Kd7 50. g4 Kc6 51. g5 Kd5 52. g6 fxg6 53. fxg6 Kc4 54. g7 Kb3 55. g8=Q+ Kb2 56. Qb8+ 1-0


[Site "https://www.chess.com"]

[Event "Titled Tuesday Blitz October 5 2021"]
[White "Krivonosov, Oleg"]
[Black "Atanasov, Anthony"]
[WhiteFideId "11600349"]
[BlackFideId "2623897"]
[WhiteElo "2469"]
[BlackElo "1928"]
[Result "1-0"]
[Round "04"]
[TimeControl "180+1"]
[Date "2021.10.05"]
[WhiteClock "0:00:41"]
[BlackClock "0:00:01"]

1. Nf3 Nf6 2. c4 g6 3. Nc3 d5 4. cxd5 Nxd5 5. e4 Nxc3 6. dxc3 Qxd1+ 7. Kxd1 Bg7 8. Bf4 Bg4 9. Kc2 Nc6 10. Bb5 O-O-O 11. Rhd1 f5 12. Rxd8+ Rxd8 13. Bxc6 bxc6 14. Nd2 Be2 15. Re1 Bd3+ 16. Kc1 e6 17. exf5 exf5 18. Re7 Rd7 19. Rxd7 Kxd7 20. Be3 Bf8 21. Nb3 Bc4 22. Kc2 c5 23. Nxc5+ Bxc5 24. Bxc5 a6 25. b3 Bd5 26. g3 Be4+ 27. Kd2 Kc6 28. Bf8 Kd5 29. c4+ Kd4 30. Bg7+ Kc5 31. Kc3 c6 32. Bf8+ Kb6 33. h4 a5 34. Be7 h5 35. Bd8+ Ka6 36. Kd4 Bb1 37. a3 Bc2 38. b4 axb4 39. axb4 f4 40. gxf4 Kb7 41. Kc5 Bd3 42. Bf6 Be2 43. Bc3 Bf1 44. Kd4 Be2 45. Bd2 Bf1 46. c5 Bg2 47. Ke5 Bh3 48. Kd6 Bf5 49. Bc3 Kb8 50. Kxc6 Be4+ 51. Kb6 Bf5 52. c6 Kc8 53. b5 Bd3 54. Be5 Be2 55. Kc5 Bf3 56. b6 Be4 1-0


[Site "https://www.chess.com"]

[Event "Titled Tuesday Blitz October 5 2021"]
[White "Lashkin, Jegor"]
[Black "losersgame"]
[WhiteFideId "13907808"]
[WhiteElo "2293"]
[BlackElo "2475"]
[Result "1-0"]
[Round "04"]
[TimeControl "180+1"]
[Date "2021.10.05"]
[WhiteClock "0:01:24"]
[BlackClock "0:00:02"]

1. d4 Nf6 2. c4 Nc6 3. Nc3 e5 4. d5 Ne7 5. h4 Neg8 6. Nf3 Ng4 7. Bg5 N8f6 8. h5 h6 9. Bh4 Be7 10. e3 d6 11. Be2 Nh7 12. Bxe7 Qxe7 13. Nd2 f5 14. Qa4+ Bd7 15. Qb3 b6 16. Nb5 Qd8 17. e4 O-O 18. f3 Ngf6 19. exf5 Bxf5 20. g4 Bd7 21. O-O-O Ng5 22. Nc3 a5 23. Qc2 a4 24. Bd3 Ra5 25. Rde1 Qb8 26. Rhf1 Qc8 27. Nde4 Nfxe4 28. Bxe4 Qb8 29. Bd3 Ra8 30. Qg2 Qa7 31. a3 Rf4 32. Ne2 Rf6 33. f4 exf4 34. Rxf4 Raf8 35. Ref1 Rxf4 36. Nxf4 b5 37. Qd2 Qd4 38. Bh7+ Kxh7 39. Qxd4 1-0


[Site "https://www.chess.com"]

[Event "Titled Tuesday Blitz October 5 2021"]
[White "Le, Tuan Minh"]
[Black "Wagner, Dennis"]
[WhiteFideId "12401153"]
[BlackFideId "24650684"]
[WhiteElo "2450"]
[BlackElo "2355"]
[Result "1-0"]
[Round "04"]
[TimeControl "180+1"]
[Date "2021.10.05"]
[WhiteClock "0:00:29"]
[BlackClock "0:00:04"]

1. d4 Nf6 2. Nf3 d5 3. Bf4 Bf5 4. e3 e6 5. c4 Bxb1 6. Qxb1 Bb4+ 7. Kd1 Bd6 8. Bg5 c6 9. Bd3 Nbd7 10. Ke2 h6 11. Bh4 Qe7 12. Rd1 O-O 13. Kf1 e5 14. dxe5 Nxe5 15. cxd5 cxd5 16. Be2 Rac8 17. Kg1 Nxf3+ 18. Bxf3 g5 19. Bg3 Bxg3 20. hxg3 Qe5 21. Rd4 h5 22. Qd1 Rc4 23. Bxh5 Rxd4 24. exd4 Qf5 25. Be2 Ne4 26. Bf3 g4 27. Bxe4 dxe4 28. Qe2 Kg7 29. Re1 Re8 30. Qe3 Qh7 31. Qf4 Qg6 32. d5 Rh8 33. Rxe4 f5 34. Re7+ Kf8 35. Qc7 Qh5 36. Qd8+ 1-0


[Site "https://www.chess.com"]

[Event "Titled Tuesday Blitz October 5 2021"]
[White "Leitao, Rafael"]
[Black "Maksimovic, Bojan"]
[WhiteFideId "2101246"]
[BlackFideId "14408120"]
[WhiteElo "2609"]
[BlackElo "2439"]
[Result "0-1"]
[Round "04"]
[TimeControl "180+1"]
[Date "2021.10.05"]
[WhiteClock "0:00:02"]
[BlackClock "0:00:03"]

1. c4 Nf6 2. Nc3 d5 3. cxd5 Nxd5 4. g3 c5 5. Bg2 Nc7 6. Nf3 Nc6 7. O-O e5 8. d3 Be7 9. Nd2 O-O 10. Nc4 f6 11. f4 exf4 12. Bxf4 Ne6 13. Be3 Ned4 14. Nd5 Be6 15. Nxe7+ Qxe7 16. Qd2 Rae8 17. Bxd4 Nxd4 18. e3 Bxc4 19. exd4 Ba6 20. dxc5 Qxc5+ 21. d4 Qd6 22. Rf2 Rd8 23. Rd1 Rfe8 24. b3 Kh8 25. Qf4 Qxf4 26. gxf4 Kg8 27. Rfd2 Kf8 28. Kf2 Ke7 29. Rc1 Rc8 30. Rc5 b6 31. Rh5 h6 32. Rh3 Kd6 33. Rh5 Rc1 34. Rd5+ Kc7 35. Bh3 Rd8 36. Rxd8 Kxd8 37. d5 Rc3 38. Bf5 Bb7 39. d6 Rf3+ 40. Ke2 Rxf4 41. Bd3 Rd4 42. Bf5 Rxd2+ 43. Kxd2 Bc8 44. Bd3 Kd7 45. Bf5+ Kd8 46. Bd3 Be6 47. Bb5 Bd7 48. Bd3 f5 49. Ke3 g5 50. Kd4 f4 51. Ke5 f3 52. Ke4 g4 53. Kf4 h5 54. Kg5 f2 55. Bf1 a6 56. Kxh5 Bb5 57. Bg2 f1=Q 58. Bxf1 Bxf1 59. Kxg4 Kd7 60. Kf4 Kxd6 61. h4 Kc5 62. h5 Bd3 63. Ke5 Bb1 64. a3 b5 65. h6 a5 0-1


[Site "https://www.chess.com"]

[Event "Titled Tuesday Blitz October 5 2021"]
[White "Lewtak, Damian"]
[Black "Ladan, Nicholas"]
[WhiteFideId "1141724"]
[BlackFideId "30918855"]
[WhiteElo "2203"]
[BlackElo "2392"]
[Result "0-1"]
[Round "04"]
[TimeControl "180+1"]
[Date "2021.10.05"]
[WhiteClock "0:00:19"]
[BlackClock "0:01:27"]

1. d4 d5 2. c3 Nf6 3. Bf4 c5 4. e3 Nc6 5. h3 Qb6 6. Qb3 c4 7. Qc2 Bf5 8. Qc1 e6 9. Nd2 h6 10. Ngf3 Be7 11. Be2 O-O 12. b3 cxb3 13. axb3 a5 14. O-O Rfc8 15. c4 Nb4 16. c5 Qd8 17. Qb2 b6 18. cxb6 Rc2 19. Qa3 Qxb6 20. Qa4 Ne4 21. Qd7 Bf8 22. Rac1 Nxd2 23. Rxc2 Nxf3+ 24. Bxf3 Nxc2 25. Bh5 g6 26. Be2 Qxb3 27. Qc6 Ra7 28. Qc8 Qb7 29. Qxb7 Rxb7 30. g4 g5 31. Be5 Bg6 32. f4 gxf4 33. exf4 Be4 0-1


[Site "https://www.chess.com"]

[Event "Titled Tuesday Blitz October 5 2021"]
[White "Maghsoodloo, Parham"]
[Black "Erdogmus, Yagiz Kaan"]
[WhiteFideId "12539929"]
[BlackFideId "44599790"]
[WhiteElo "2601"]
[BlackElo "1783"]
[Result "1-0"]
[Round "04"]
[TimeControl "180+1"]
[Date "2021.10.05"]
[WhiteClock "0:02:39"]
[BlackClock "0:02:23"]

1. e4 c5 2. Nf3 e6 3. d4 cxd4 4. Nxd4 Nc6 5. Nc3 Qc7 6. g3 Nf6 7. Bg2 Nxd4 8. Qxd4 Bc5 9. Bf4 d6 10. Qd3 a6 11. O-O h6 12. Rad1 e5 13. Be3 Bxe3 14. fxe3 Be6 15. Qxd6 Qxd6 16. Rxd6 Ke7 17. Rb6 Rhb8 18. Nd5+ Bxd5 19. exd5 Nd7 20. d6+ Ke6 21. Bh3+ Kd5 22. Bxd7 Kc5 23. Rb3 Kxd6 24. Rxf7 b5 25. Rd3+ Kc5 26. Rc3+ 1-0


[Site "https://www.chess.com"]